CAL (WIN)
LAKE ELSINORE STORM @ WINSTON-SALEM DASH
11/28/2044
 
TOP OF THE 1ST
Lake Elsinore Storm batting - Pitching for Winston-Salem Dash : LHP Victor Colon
Pitching: LHP Victor Colon
Batting: RHB Scott Schwartz 0-0: Fly out, F4 (Popup, 4M, EV 62.5 MPH)
Batting: LHB Sammy Roddenberry 0-0: Ball
1-0: Bunted foul
1-1: Foul Ball, location: 2F
1-2: Ball
2-2: Ground out U3 (Groundball, 34, EV 81.3 MPH)
Batting: SHB Adam Martin 0-0: Ball
1-0: Ball
2-0: Called Strike
2-1: Called Strike
2-2: Foul Ball, location: 2F
2-2: Ground out U3 (Groundball, 34S, EV 78.8 MPH)
Top of the 1st over - 0 runs, 0 hits, 0 errors, 0 left on base; Lake Elsinore 0 - Winston-Salem 0
BOTTOM OF THE 1ST
Winston-Salem Dash batting - Pitching for Lake Elsinore Storm : RHP Tom Ackerman
Pitching: RHP Tom Ackerman
Batting: LHB Dustin Taylor 0-0: SINGLE (Groundball, 15S, EV 73.1 MPH) (infield hit)
Batting: RHB Dusty Ballard 0-0: Foul Ball, location: 2F
0-1: Ball
1-1: Called Strike
1-2: Strikes out swinging
Batting: LHB John Thurman 0-0: Called Strike
Dustin Taylor steals 2nd base
0-1: Ball
1-1: Foul Ball, location: 2F
1-2: Ball
2-2: Strikes out swinging
Batting: RHB Brad Boals 0-0: Called Strike
0-1: Fly out, F8 (Flyball, 8LXD, EV 110.6 MPH)
Bottom of the 1st over - 0 runs, 1 hit, 0 errors, 1 left on base; Lake Elsinore 0 - Winston-Salem 0
TOP OF THE 2ND
Lake Elsinore Storm batting - Pitching for Winston-Salem Dash : LHP Victor Colon
Batting: LHB Angel Mejia 0-0: Ball
1-0: DOUBLE (Flyball, 8LXD, EV 93.1 MPH)
Batting: LHB Frank McConnell 0-0: Called Strike
0-1: Foul Ball, location: 2F
0-2: Foul Ball, location: 2F
0-2: Strikes out swinging
Batting: RHB Mike Maserang 0-0: Ball
1-0: Ball
2-0: Ball
3-0: Base on Balls
Batting: RHB Jaden Scott 0-0: Fly out, F8 (Flyball, 8RM, EV 85.6 MPH)
Batting: RHB Joe Weissman 0-0: Called Strike
0-1: Ball
1-1: Ball
2-1: Ball
3-1: Foul Ball, location: 2F
3-2: Foul Ball, location: 2F
3-2: Strikes out swinging
Top of the 2nd over - 0 runs, 1 hit, 0 errors, 2 left on base; Lake Elsinore 0 - Winston-Salem 0
BOTTOM OF THE 2ND
Winston-Salem Dash batting - Pitching for Lake Elsinore Storm : RHP Tom Ackerman
Batting: LHB Herkko Haavikko 0-0: Called Strike
0-1: Ball
1-1: Ball
2-1: Foul Ball, location: 2F
2-2: Strikes out swinging
Batting: RHB Danny Longoria 0-0: Ball
1-0: Ball
2-0: Called Strike
2-1: Ground out 5-3 (Groundball, 25, EV 90.0 MPH)
Batting: RHB Tyrell Camp 0-0: Foul Ball, location: 2F
0-1: SINGLE (Groundball, 6M, EV 108.1 MPH) (infield hit)
Batting: LHB Evan Oliveri 0-0: Ball
1-0: SINGLE (Flyball, 6D, EV 88.1 MPH)
Tyrell Camp to second
Batting: SHB Alfie Bungledorf 0-0: Foul Ball, location: 2F
0-1: Swinging Strike
0-2: Ground out 4-3 (Groundball, 4S, EV 80.6 MPH)
Bottom of the 2nd over - 0 runs, 2 hits, 0 errors, 2 left on base; Lake Elsinore 0 - Winston-Salem 0
TOP OF THE 3RD
Lake Elsinore Storm batting - Pitching for Winston-Salem Dash : LHP Victor Colon
Batting: RHB Freddie Brown 0-0: Ball
1-0: Swinging Strike
1-1: Ball
2-1: Called Strike
2-2: Ball
3-2: Base on Balls
Batting: RHB Scott Schwartz 0-0: Ball
1-0: Swinging Strike
1-1: Called Strike
1-2: Foul Ball, location: 2F
1-2: Ball
2-2: Foul Ball, location: 2F
2-2: Foul Ball, location: 2F
2-2: Ball
3-2: DOUBLE (Line Drive, 9LM, EV 106.3 MPH)
Freddie Brown to third
Freddie Brown scores
Batting: LHB Sammy Roddenberry 0-0: Ball
1-0: Ball
2-0: DOUBLE (Line Drive, 7LM, EV 101.9 MPH)
Scott Schwartz scores
Batting: SHB Adam Martin 0-0: Swinging Strike
0-1: Ball
1-1: Ball
2-1: Ball
3-1: Base on Balls
Batting: LHB Angel Mejia 0-0: Called Strike
0-1: Called Strike
Sammy Roddenberry steals 3rd base (no throw)
0-2: Ball
1-2: Ball
2-2: Ball
3-2: 3-RUN HOME RUN (Flyball, 89XD, EV 102.5 MPH), Distance : 434 ft
Pitching: RHP Jose Leal
Batting: LHB Frank McConnell 0-0: Swinging Strike
0-1: Called Strike
0-2: Ball
1-2: Strikes out swinging
Batting: RHB Mike Maserang 0-0: Called Strike
0-1: Ball
1-1: Swinging Strike
1-2: Foul Ball, location: 2F
1-2: Foul Ball, location: 2F
1-2: Ball
2-2: Strikes out looking
Batting: RHB Jaden Scott 0-0: Ball
1-0: Ball
2-0: Foul Ball, location: 2F
2-1: Ball
3-1: Foul Ball, location: 2F
3-2: Base on Balls
Batting: RHB Joe Weissman 0-0: Called Strike
0-1: Called Strike
0-2: Ball
1-2: Foul Ball, location: 2F
1-2: Ball
2-2: Strikes out swinging
Top of the 3rd over - 5 runs, 3 hits, 0 errors, 1 left on base; Lake Elsinore 5 - Winston-Salem 0
BOTTOM OF THE 3RD
Winston-Salem Dash batting - Pitching for Lake Elsinore Storm : RHP Tom Ackerman
Batting: LHB Dustin Taylor 0-0: Ball
1-0: Ball
2-0: Ball
3-0: Base on Balls
Batting: RHB Dusty Ballard 0-0: Called Strike
0-1: Ball
1-1: Called Strike
1-2: Ball
2-2: Foul Ball, location: 2F
2-2: Foul Ball, location: 2F
2-2: Grounds into double play, 4-6-3 (Groundball, 34, EV 94.4 MPH)
Batting: LHB John Thurman 0-0: Called Strike
0-1: Ball
1-1: Ball
2-1: Foul Ball, location: 2F
2-2: Strikes out looking
Bottom of the 3rd over - 0 runs, 0 hits, 0 errors, 0 left on base; Lake Elsinore 5 - Winston-Salem 0
TOP OF THE 4TH
Lake Elsinore Storm batting - Pitching for Winston-Salem Dash : RHP Jose Leal
Batting: RHB Freddie Brown 0-0: Foul Ball, location: 2F
0-1: Swinging Strike
0-2: Ball
1-2: Strikes out looking
Batting: RHB Scott Schwartz 0-0: Called Strike
0-1: Foul Ball, location: 2F
0-2: Ball
1-2: Strikes out swinging
Batting: LHB Sammy Roddenberry 0-0: SINGLE (Groundball, 23, EV 61.9 MPH) (infield hit)
Batting: SHB Adam Martin 0-0: Ball
1-0: Ball
2-0: Fielders Choice at 2nd, 5-4 (Groundball, 6, EV 88.1 MPH)
Top of the 4th over - 0 runs, 1 hit, 0 errors, 1 left on base; Lake Elsinore 5 - Winston-Salem 0
BOTTOM OF THE 4TH
Winston-Salem Dash batting - Pitching for Lake Elsinore Storm : RHP Tom Ackerman
Batting: RHB Brad Boals 0-0: Called Strike
0-1: Foul Ball, location: 2F
0-2: SINGLE (Groundball, P, EV 82.5 MPH) (infield hit)
Batting: LHB Herkko Haavikko 0-0: Called Strike
0-1: Foul Ball, location: 2F
0-2: Ball
1-2: Foul Ball, location: 2F
1-2: Foul Ball, location: 2F
1-2: SINGLE (Groundball, 4D, EV 103.1 MPH)
Brad Boals to second
Runner from 2nd tries for 3rd, OUT! 8-5
Herkko Haavikko to second
Batting: RHB Danny Longoria 0-0: Ball
1-0: Hit by Pitch
Batting: RHB Tyrell Camp 0-0: Ball
1-0: Called Strike
1-1: Ball
2-1: Grounds into double play, 4-6-3 (Groundball, 4, EV 98.1 MPH)
Bottom of the 4th over - 0 runs, 2 hits, 0 errors, 1 left on base; Lake Elsinore 5 - Winston-Salem 0
TOP OF THE 5TH
Lake Elsinore Storm batting - Pitching for Winston-Salem Dash : RHP Jose Leal
Batting: LHB Angel Mejia 0-0: Ball
1-0: Called Strike
1-1: Foul Ball, location: 2F
1-2: Ball
2-2: SINGLE (Groundball, 4MD, EV 98.1 MPH)
Batting: LHB Frank McConnell 0-0: Ball
1-0: 2-RUN HOME RUN (Line Drive, 89XD, EV 115.0 MPH), Distance : 436 ft
Batting: RHB Mike Maserang 0-0: Foul Ball, location: 2F
0-1: Ball
1-1: Foul Ball, location: 2F
1-2: Fly out, F8 (Flyball, 78M, EV 84.4 MPH)
Batting: RHB Jaden Scott 0-0: Ball
1-0: Called Strike
1-1: Ball
2-1: Foul Ball, location: 2F
2-2: Ball
3-2: Base on Balls
Batting: RHB Joe Weissman 0-0: Foul Ball, location: 2F
0-1: Foul Ball, location: 2F
0-2: Ball
Wild Pitch!
Jaden Scott to second
1-2: Ball
2-2: Strikes out looking
Batting: RHB Freddie Brown 0-0: Called Strike
0-1: Swinging Strike
0-2: Foul Ball, location: 2F
0-2: Foul Ball, location: 2F
0-2: Ball
1-2: Ball
2-2: Ball
3-2: Strikes out swinging wild pitch, reaches first!
Jaden Scott to third
Batting: RHB Scott Schwartz 0-0: Called Strike
0-1: Swinging Strike
0-2: Ball
1-2: Ball
2-2: SINGLE (Line Drive, 56D, EV 96.3 MPH)
Jaden Scott scores
Freddie Brown to second
Pitching: LHP Donald Brannon
Batting: LHB Sammy Roddenberry 0-0: Swinging Strike
0-1: Foul Ball, location: 2F
0-2: Strikes out swinging
Top of the 5th over - 3 runs, 3 hits, 0 errors, 2 left on base; Lake Elsinore 8 - Winston-Salem 0
BOTTOM OF THE 5TH
Winston-Salem Dash batting - Pitching for Lake Elsinore Storm : RHP Tom Ackerman
Batting: LHB Evan Oliveri 0-0: Called Strike
0-1: SOLO HOME RUN (Flyball, 89XD, EV 105.6 MPH), Distance : 419 ft
Batting: SHB Alfie Bungledorf 0-0: Called Strike
0-1: Swinging Strike
0-2: Foul Ball, location: 2F
0-2: Ball
1-2: Foul Ball, location: 2F
1-2: Strikes out swinging
Batting: LHB Dustin Taylor 0-0: Called Strike
0-1: Ball
1-1: Called Strike
1-2: Ball
2-2: Ball
3-2: Foul Ball, location: 2F
3-2: Ground out U3 (Groundball, 3, EV 86.9 MPH)
Batting: RHB Dusty Ballard 0-0: Called Strike
0-1: Ball
1-1: Swinging Strike
1-2: Strikes out swinging
Bottom of the 5th over - 1 run, 1 hit, 0 errors, 0 left on base; Lake Elsinore 8 - Winston-Salem 1
TOP OF THE 6TH
Lake Elsinore Storm batting - Pitching for Winston-Salem Dash : LHP Donald Brannon
Batting: SHB Adam Martin 0-0: Ball
1-0: Ground out 6-3 (Groundball, 6, EV 86.9 MPH)
Batting: LHB Angel Mejia 0-0: Ground out 4-3 (Groundball, 4, EV 100.6 MPH)
Batting: LHB Frank McConnell 0-0: Called Strike
0-1: Ball
1-1: Foul Ball, location: 2F
1-2: Ball
2-2: Fly out, F7 (Line Drive, 7, EV 105.0 MPH)
Top of the 6th over - 0 runs, 0 hits, 0 errors, 0 left on base; Lake Elsinore 8 - Winston-Salem 1
BOTTOM OF THE 6TH
Winston-Salem Dash batting - Pitching for Lake Elsinore Storm : RHP Tom Ackerman
Batting: LHB John Thurman 0-0: Ball
1-0: Ground out 4-3 (Groundball, 4, EV 83.8 MPH)
Pitching: RHP Tristan Vollmer
Batting: RHB Brad Boals 0-0: Called Strike
0-1: Ball
1-1: SINGLE (Groundball, 56S, EV 75.6 MPH) (infield hit)
Batting: LHB Herkko Haavikko 0-0: Ball
1-0: Called Strike
Brad Boals steals 2nd, throwing error, E2
Brad Boals to third
1-1: SINGLE (Line Drive, 89M, EV 108.8 MPH)
Brad Boals scores
Batting: RHB Danny Longoria 0-0: Ball
1-0: Foul Ball, location: 2F
1-1: Swinging Strike
1-2: Ball
2-2: Ball
3-2: Base on Balls
Herkko Haavikko to second
Batting: RHB Tyrell Camp 0-0: Ball
1-0: Ball
2-0: Foul Ball, location: 2F
2-1: Ball
3-1: Base on Balls
Herkko Haavikko to third
Danny Longoria to second
Batting: LHB Evan Oliveri 0-0: Ball
1-0: Swinging Strike
1-1: Ball
2-1: Ball
3-1: Swinging Strike
3-2: Strikes out swinging
Pinch Hitting: LHB Victor Lema 0-0: Fly out, F5 (Popup, 6S, EV 76.9 MPH)
Bottom of the 6th over - 1 run, 2 hits, 1 error, 3 left on base; Lake Elsinore 8 - Winston-Salem 2
TOP OF THE 7TH
Lake Elsinore Storm batting - Pitching for Winston-Salem Dash : LHP Donald Brannon
Now at 2B: Mike Warzecha
Now at SS: Dusty Ballard
Batting: RHB Mike Maserang 0-0: Ball
1-0: Foul Ball, location: 2F
1-1: Ball
2-1: Foul Ball, location: 2F
2-2: Ball
3-2: Base on Balls
Batting: RHB Jaden Scott 0-0: Swinging Strike
0-1: Foul Ball, location: 2F
0-2: Foul Ball, location: 2F
0-2: Foul Ball, location: 2F
0-2: Ball
1-2: Ball
2-2: SINGLE (Line Drive, 4MD, EV 96.3 MPH)
Mike Maserang to second
Batting: RHB Joe Weissman 0-0: Swinging Strike
0-1: Foul Ball, location: 2F
0-2: Strikes out swinging
Batting: RHB Freddie Brown 0-0: Swinging Strike
0-1: Ball
1-1: Called Strike
1-2: Foul Ball, location: 2F
1-2: Strikes out swinging
Batting: RHB Scott Schwartz 0-0: Ball
1-0: Ball
2-0: Foul Ball, location: 2F
2-1: Foul Ball, location: 2F
2-2: Foul Ball, location: 2F
2-2: Foul Ball, location: 2F
2-2: Ball
3-2: DOUBLE (Line Drive, 9LS, EV 106.9 MPH)
Mike Maserang scores
Jaden Scott to third
Jaden Scott scores
Pinch Hitting: RHB Min-chin Yi 0-0: Ball
1-0: Ball
2-0: Called Strike
2-1: Foul Ball, location: 2F
2-2: Ball
3-2: Fly out, F8 (Flyball, 8LS, EV 93.1 MPH)
Top of the 7th over - 2 runs, 2 hits, 0 errors, 1 left on base; Lake Elsinore 10 - Winston-Salem 2
BOTTOM OF THE 7TH
Winston-Salem Dash batting - Pitching for Lake Elsinore Storm : RHP Tristan Vollmer
Now in CF: Min-chin Yi
Pinch Hitting: LHB Joe Kirkland 0-0: Called Strike
0-1: Foul Ball, location: 2F
0-2: Fly out, F4 (Popup, 34S, EV 81.3 MPH)
Pinch Hitting: RHB Gonçalo Burhil 0-0: Ball
1-0: Called Strike
1-1: Called Strike
1-2: Strikes out swinging
Pinch Hitting: LHB Jeff Alphonso 0-0: Ball
1-0: Fly out, F8 (Flyball, 8LXD, EV 101.9 MPH)
Bottom of the 7th over - 0 runs, 0 hits, 0 errors, 0 left on base; Lake Elsinore 10 - Winston-Salem 2
TOP OF THE 8TH
Lake Elsinore Storm batting - Pitching for Winston-Salem Dash : LHP Donald Brannon
Pitching: LHP Ienari Kitahara
Now at SS: Ching-hsia Zhang
Now in LF: Gonçalo Burhil
Now in RF: Joe Kirkland
Pinch Hitting: SHB Ryan Brown 0-0: Ball
1-0: Ball
2-0: Ball
3-0: Base on Balls
Batting: LHB Angel Mejia 0-0: Called Strike
0-1: Called Strike
0-2: Ball
1-2: Fly out, F8 (Flyball, 8RD, EV 102.5 MPH)
Batting: LHB Frank McConnell 0-0: Called Strike
0-1: Ball
1-1: Ball
2-1: Ball
3-1: Foul Ball, location: 2F
3-2: Foul Ball, location: 2F
3-2: DOUBLE (Groundball, 3L, EV 103.1 MPH)
Ryan Brown to third
Ryan Brown scores
Batting: RHB Mike Maserang 0-0: Swinging Strike
0-1: Foul Ball, location: 2F
0-2: Strikes out swinging
Pinch Hitting: LHB Phil Lerner 0-0: Ball
1-0: Foul Ball, location: 2F
1-1: Ground out 6-3 (Groundball, 6, EV 98.8 MPH)
Top of the 8th over - 1 run, 1 hit, 0 errors, 1 left on base; Lake Elsinore 11 - Winston-Salem 2
BOTTOM OF THE 8TH
Winston-Salem Dash batting - Pitching for Lake Elsinore Storm : RHP Tristan Vollmer
Now in LF: Phil Lerner
Now in RF: Ryan Brown
Batting: RHB Brad Boals 0-0: Called Strike
0-1: Swinging Strike
0-2: Ball
1-2: Foul Ball, location: 2F
1-2: Fly out, F7 (Flyball, 78M, EV 99.4 MPH)
Batting: LHB Herkko Haavikko 0-0: Ball
1-0: Fly out, F8 (Flyball, 8RD, EV 103.1 MPH)
Batting: RHB Danny Longoria 0-0: Ground out 6-3 (Groundball, 6, EV 78.8 MPH)
Bottom of the 8th over - 0 runs, 0 hits, 0 errors, 0 left on base; Lake Elsinore 11 - Winston-Salem 2
TOP OF THE 9TH
Lake Elsinore Storm batting - Pitching for Winston-Salem Dash : LHP Ienari Kitahara
Pinch Hitting: LHB Hugo MacBeth 0-0: Called Strike
0-1: Called Strike
0-2: Strikes out looking
Pitching: RHP John Bryan
Batting: RHB Freddie Brown 0-0: Ball
1-0: Swinging Strike
1-1: Fly out, F4 (Line Drive, 4, EV 65.6 MPH)
Batting: RHB Scott Schwartz 0-0: Ball
1-0: Foul Ball, location: 2F
1-1: SINGLE (Groundball, 4MD, EV 106.3 MPH)
Batting: RHB Min-chin Yi 0-0: Ball
1-0: Fielders Choice at 2nd, 5-4 (Groundball, 5, EV 84.4 MPH)
Top of the 9th over - 0 runs, 1 hit, 0 errors, 1 left on base; Lake Elsinore 11 - Winston-Salem 2
BOTTOM OF THE 9TH
Winston-Salem Dash batting - Pitching for Lake Elsinore Storm : RHP Tristan Vollmer
Pitching: RHP Eric Busby
Now at C: Hugo MacBeth
Batting: RHB Tyrell Camp 0-0: Called Strike
0-1: Ball
1-1: Ball
2-1: Ball
3-1: Base on Balls
Batting: LHB Evan Oliveri 0-0: Ball
1-0: Ball
2-0: DOUBLE (Flyball, 78D, EV 95.6 MPH)
Tyrell Camp to third
Batting: RHB Mike Warzecha 0-0: Called Strike
0-1: SINGLE (Groundball, 4MD, EV 94.4 MPH)
Tyrell Camp scores
Evan Oliveri to third
Batting: LHB Joe Kirkland 0-0: Ball
1-0: Ball
2-0: Ball
3-0: Called Strike
3-1: SINGLE (Line Drive, 34D, EV 105.0 MPH)
Evan Oliveri scores
Mike Warzecha to second
Pinch Hitting: LHB Preston Knaak 0-0: Ball
1-0: Ball
2-0: Fly out, F8 (Flyball, 78D, EV 101.9 MPH)
Pinch Hitting: LHB Francisco Mayorga 0-0: Called Strike
0-1: Ball
1-1: Called Strike
1-2: Fly out, F9 (Flyball, 89D, EV 95.6 MPH)
Runner from 2nd tags up, SAFE at 3rd, no throw by RF
Batting: RHB Brad Boals 0-0: Called Strike
0-1: Swinging Strike
0-2: SINGLE (Groundball, P, EV 81.3 MPH) (infield hit)
Mike Warzecha scores
Joe Kirkland to second
Batting: LHB Herkko Haavikko 0-0: Called Strike
0-1: Ball
1-1: Ball
2-1: Foul Ball, location: 2F
2-2: Foul Ball, location: 2F
2-2: Ball
3-2: Fly out, F5 (Popup, 56S, EV 83.8 MPH)
Bottom of the 9th over - 3 runs, 4 hits, 0 errors, 2 left on base; Lake Elsinore 11 - Winston-Salem 5
Thursday, March 31st , 2022 - OOTP Baseball 22.12 Build 89